 Dungeon Crawl Stone Soup version 0.25.0-15-gac7dcb8919 (webtiles) character file.

Game seed: 7624823355986051928

16 Esekla the Grave Robber (level 2, -1/20 HPs)
             Began as a Barachi Necromancer on June 28, 2020.
             Slain by an orc
             ... wielding a +0 flail
              (9 damage)
             ... on level 3 of the Dungeon.
             The game lasted 00:05:49 (1120 turns).

Esekla the Grave Robber (Barachi Necromancer)       Turns: 1120, Time: 00:05:50

Health: -1/20      AC:  2    Str:  9    XL:     2   Next: 58%
Magic:  0/5        EV: 12    Int: 15    God:
Gold:   36         SH:  0    Dex: 12    Spells: 5/6 levels left

rFire    . . .     SeeInvis .   e - +0 dagger
rCold    . . .     Gourm    .   (no shield)
rNeg     . . .     Faith    .   a - +0 robe
rPois    .         Spirit   .   (no helmet)
rElec    .         Reflect  .   (no cloak)
rCorr    .         Harm     .   (no gloves)
MR       .....                  (no boots)
Stlth    +++.......             (no amulet)
HPRegen  0.06/turn              h - ring of stealth
MPRegen  0.09/turn              (no ring)

@: very slightly contaminated, slow
A: +LOS, swims, slowness 1, strong legs 1
a: Hop


You were on level 3 of the Dungeon.
You were not hungry.

You visited 1 branch of the dungeon, and saw 3 of its levels.

You collected 36 gold pieces.

Inventory:

Hand Weapons
 e - a +0 dagger (weapon)
Missiles
 b - 2 javelins (quivered)
Armour
 a - a +0 robe (worn)
Jewellery
 h - a ring of stealth (left hand)
Scrolls
 d - a scroll of identify {unknown}
 f - 3 scrolls of remove curse {unknown}
 g - a scroll of noise {unknown}
Potions
 i - a potion of curing {unknown}
Comestibles
 c - 3 rations


   Skills:
 * Level 0.7 Fighting
 + Level 2.3 Dodging
 - Level 1.7 Stealth
 * Level 2.5 Spellcasting
 + Level 3.9 Necromancy


You had 5 spell levels left.
You knew the following spells:

 Your Spells              Type           Power        Failure   Level  Hunger
a - Pain                  Necr           ##..         4%          1    #......

Your spell library contained the following spells:

 Spells                   Type           Power        Failure   Level  Hunger
 Animate Skeleton         Necr           N/A          4%          1    #......
 Vampiric Draining        Necr           ##........   12%         3    ###....
 Animate Dead             Necr           N/A          38%         4    #####..
 Agony                    Necr           ##......     75%         5    ######.


Dungeon Overview and Level Annotations

Branches:
Dungeon (3/15)

Altars:
Hepliaklqana


Innate Abilities, Weirdness & Mutations

You can be seen from farther away. (+LOS)
You can swim through water.
You cover ground slowly.
You can hop short distances.


Message History

Confirm with . or Enter, or press ? or * to list all spells.
Aiming: Pain (safe; 4% risk of failure)
Press: ? - help, Shift-Dir - straight line, f - orc
Aim: an orc, wielding a +0 flail and wearing a +0 scale mail (chance to defeat MR: 83%)
The orc barely resists.
The orc hits you with a +0 flail.
Casting: Pain (safe; 4% risk of failure)
Confirm with . or Enter, or press ? or * to list all spells.
Aiming: Pain (safe; 4% risk of failure)
Press: ? - help, Shift-Dir - straight line, f/p - orc
Aim: an orc, wielding a +0 flail and wearing a +0 scale mail (chance to defeat MR: 83%)
The orc writhes in agony.
Casting: Pain (safe; 4% risk of failure)
Confirm with . or Enter, or press ? or * to list all spells.
Aiming: Pain (safe; 4% risk of failure)
Press: ? - help, Shift-Dir - straight line, f/p - orc
Aim: an orc, wielding a +0 flail and wearing a +0 scale mail (moderately wounded, chance to defeat MR: 83%)
You miscast Pain.
You are very lightly contaminated with residual magic.
Nothing appears to happen.
The orc hits you with a +0 flail!
You die...

#### ########
#..# ........
#..####........
####.#o#J.......g
#.@o#.#..b...S..⌠
#.##.#[#.........
#.#..####........
#.#..# ........
#.#### ##########
#.#########.# #.#
#......)....# #.#
###########.#
##.# #.####..#


You could see an orc.

Vanquished Creatures
  A leopard gecko (D:2)
  An orc (D:3)
  A bat (D:3)
  A giant cockroach (D:1)
  3 goblins
  A quokka (D:2)
  A ball python (D:3)
  A frilled lizard (D:2)
  2 kobolds
  2 rats (D:3)
14 creatures vanquished.

Notes
Turn   | Place    | Note
-------+----------+-------------------------------------------
     0 | D:1      | Esekla the Barachi Necromancer began the quest for the Orb.
     0 | D:1      | Reached XP level 1. HP: 13/13 MP: 3/3
   372 | D:2      | Reached XP level 2. HP: 10/20 MP: 1/5
   626 | D:2      | Found a hazy altar of Hepliaklqana.
  1120 | D:3      | Slain by an orc

Illustrated notes

Levels and vault maps discovered:
D:1:      lemuel_arrival_tunnels, layout_loops_ring
D:2:      layout_basic, lemuel_doored_altar, first_ration
D:3:      layout_loops_ring, wad_rectangle_vault

Action                   || total
-------------------------++-------
Melee: Dagger            ||    27
 Cast: Pain              ||    23
 Stab: Sleeping          ||     1
  Eat: Chunk             ||     1
Armor: Robe              ||     6
Dodge: Dodged            ||    26
